 Dungeon Crawl Stone Soup version 0.19-a0-1384-gbb462ca (webtiles) character file.

23507 Amnesiac the Geomancer (level 12, -7/89 HPs)
             Began as a Demigod Earth Elementalist on Sept 3, 2016.
             Mangled by a polar bear (8 damage)
             ... on level 6 of the Lair of Beasts.
             The game lasted 00:57:33 (18930 turns).

Amnesiac the Geomancer (DgEE)                      Turns: 18930, Time: 00:57:33

Health: -7/89      AC:  4    Str: 11    XL:     12   Next: 39%
Magic:  12/25      EV: 16    Int: 27    God:
Gold:   848        SH:  7    Dex: 16    Spells: 4 memorised, 11 levels left

rFire  x . .     SeeInvis .     s - 165 stones
rCold  + + .     Gourm    .     g - +0 robe {MR+}
rNeg   . . .     Faith    .     J - +2 buckler
rPois  .         Spirit   .     (no helmet)
rElec  .         Dismiss  .     i - +0 cloak
rCorr  .         Reflect  .     V - +0 pair of gloves
MR     ++...     Harm     .     (no boots)
Stlth  ++++......               (no amulet)
                                y - ring of ice
                                N - ring of protection from cold

@: no status effects
A: high mp 1
a: no special abilities


You were on level 6 of the Lair of Beasts.
You were not hungry.

You visited 2 branches of the dungeon, and saw 15 of its levels.

You collected 848 gold pieces.

Inventory:

Hand Weapons
 w - the +1 dagger of Responsibility {flame, rPois Int-4 Dex+2}
   (You found it on level 4 of the Dungeon)

   It has been specially enchanted to burn those struck by it, causing extra
   injury to most foes and up to half again as much damage against particularly
   susceptible opponents.
   It affects your intelligence (-4).
   It affects your dexterity (+2).
   It protects you from poison.
 Q - a +4 rapier of speed
Missiles
 s - 165 stones (in hand)
Armour
 g - a +0 robe of magic resistance (worn)
 i - a +0 cloak (worn)
 J - a +2 buckler (worn)
 V - a +0 pair of gloves (worn)
Magical Staves
 e - an uncursed staff of wizardry
 q - an uncursed staff of earth
Jewellery
 o - an uncursed amulet of guardian spirit
 y - a ring of ice (right hand)
 K - an uncursed ring of fire
 N - a ring of protection from cold (left hand)
Wands
 b - a wand of random effects (30/48)
 p - a wand of polymorph (7/24)
 u - a wand of digging (14/24)
 v - a wand of lightning (0/15)
 C - a wand of paralysis (11/24)
 F - a wand of acid (3/15)
 G - a wand of flame (40/48)
 I - a wand of disintegration (13/24)
 M - a wand of slowing (22/48)
 P - a wand of teleportation (2/9)
 Y - a wand of iceblast (10/15)
Scrolls
 n - 7 scrolls of remove curse
 r - 4 scrolls of enchant weapon
 B - 2 scrolls of amnesia
 E - a scroll of identify
 L - 2 scrolls of enchant armour
 R - a scroll of blinking
 W - a scroll of recharging
Potions
 j - 6 potions of curing
 k - 2 potions of might
 t - 3 potions of flight
 A - 3 potions of brilliance
 D - a potion of lignification
Books
 c - a book of Misfortune

   Spells                             Type                      Level
   a - Confusing Touch                Hexes                        1
   b - Confuse                        Hexes                        3
   c - Gell's Gravitas                Hexes/Translocation          3
   d - Petrify                        Transmutation/Earth          4
   e - Metabolic Englaciation         Hexes/Ice                    5
   f - Yara's Violent Unravelling     Hexes/Transmutation          5
 z - a book of Geomancy

   Spells                             Type                      Level
   a - Sandblast                      Earth                        1
   b - Passwall                       Transmutation/Earth          2
   c - Stone Arrow                    Conjuration/Earth            3
   d - Petrify                        Transmutation/Earth          4
   e - Lee's Rapid Deconstruction     Earth                        5
Comestibles
 d - a bread ration
 f - 3 beef jerkies
 h - 4 meat rations
 l - a slice of pizza
 x - 34 fruits
 O - 17 royal jellies


   Skills:
 - Level 3.0 Fighting
 - Level 8.0 Short Blades
 + Level 6.0 Dodging
 - Level 9.0 Stealth
 - Level 4.2 Shields
 - Level 6.0 Spellcasting
 - Level 5.0 Transmutations
 - Level 12.0 Earth Magic


You had 11 spell levels left.
You knew the following spells:

 Your Spells              Type           Power        Failure   Level  Hunger
e - Petrify               Tmut/Erth      ######..     1%          4    ###....
f - Lee's Rapid Deconstr  Erth           ######....   1%          5    #####..
v - Passwall              Tmut/Erth      ######....   1%          2    None
z - Sandblast             Erth           ######       1%          1    None


Dungeon Overview and Level Annotations

Branches:
Dungeon (9/15)             Temple (0/1) D:6            Lair (6/6) D:9
 Shoals (0/4) Lair:2       Spider (0/4) Lair:4
  Slime: Lair:5-6       Orc: D:9-12

Shops:
D:9 *

Portals:
Ice
Cave: Lair:6


Innate Abilities, Weirdness & Mutations

You have an increased reservoir of magic. (+10% MP)


Message History

Which direction?
The water moccasin hisses angrily.
The blink frog gives a loud, deep croak!
The blink frog croaks.
You hear a loud, deep croak!
The spiny frog completely misses you. The polar bear bites you!!
* * * LOW HITPOINT WARNING * * *
The polar bear claws you.
* * * LOW HITPOINT WARNING * * *
You block the polar bear's attack.
You begin to meditate on the wall.
You continue meditating on the rock.
The worker ant bites you.
* * * LOW HITPOINT WARNING * * *
The blink frog blinks!
You block the spiny frog's attack. The polar bear misses you.
You block the polar bear's attack. The polar bear barely misses you.
The worker ant bites you!
* * * LOW HITPOINT WARNING * * *
You continue meditating on the rock.
The spiny frog stops moving altogether!
The worker ant closely misses you. The polar bear bites you!
You die...

***####,* ###........ *,*.....***
#.......... *****,.....,,*
###.......... *,***,......**
##.#........## ***,*,*,...∩.l#*
#..#........## *,*,,,,,....F55##
#.#..†.......#
,,,,,,,,..5Y55D.####..........###
,,,,,,,,.....#####............#
,,,,,,,,.Y.....#@#...........##
,,,,,,,,h.l...FhFa..........##
,,,,,,,,,......Sl..........##
,,,,,,,,,....F#..........###
,,,,,,,,,.S............#.#
,,,,,,,,,..............###
,,,**,,,,.............##*
,,**,**,,.............P,*
,,,,,,***,..............**


You could see a polar bear, a komodo dragon, a black mamba (wandering), a spiny
frog (petrified), 2 blink frogs, a water moccasin, a wyvern (wandering) and a
worker ant.

Vanquished Creatures
  2 hydras (Lair:2)
  4 elephants
  3 black mambas
  7 spiny frogs
  4 komodo dragons
  A rime drake (Lair:2)
  A tengu conjurer (D:9)
  A queen bee (Lair:2)
  2 trolls (D:9)
  3 blink frogs (Lair:2)
  Sigmund (D:2)
  4 redbacks (Lair:4)
  25 yaks
  A hungry ghost (D:8)
  A basilisk (Lair:1)
  A vampire (D:8)
  A wyvern (D:9)
  Eustachio (D:6)
  A steam dragon (Lair:3)
  4 hippogriffs
  Menkaure (D:4)
  5 porcupines
  10 water moccasins
  Duvessa (D:6)
  2 sky beasts
  An eye of draining (D:9)
  3 ogres
  3 orc warriors
  A wasp (Lair:6)
  2 black bears
  2 ice beasts
  4 phantoms
  8 centaurs
  9 crocodiles
  Blork the orc (D:5)
  3 big kobolds
  9 giant frogs
  Dowan (D:6)
  2 scorpions
  A water moccasin skeleton (D:6)
  29 killer bees
  3 wights (D:6)
  2 electric eels
  3 howler monkeys
  8 crimson imps
  2 jellies
  8 hounds
  3 orc priests
  4 orc wizards
  Jessica (D:3)
  Ijyb (D:2)
  Terence (D:3)
  Natasha (thrice) (D:2)
  12 iguanas
  6 worker ants
  2 hound skeletons
  17 adders
  4 gnolls (D:3)
  43 river rats
  4 shadow imps
  8 white imps (Lair:6)
  2 oozes
  3 adder skeletons
  2 worms (D:2)
  4 giant geckos
  32 orcs
  A ball python (D:4)
  6 bats
  3 giant cockroaches
  6 goblins
  10 hobgoblins
  14 jackals
  20 kobolds
  5 quokkas
  A giant cockroach zombie (D:5)
  3 giant newts
  A jackal zombie (D:5)
  2 quokka skeletons
  A quokka zombie (D:5)
  5 rats
  2 fungi
  A plant (Lair:5)
425 creatures vanquished.

Vanquished Creatures (others)
  2 bushes (D:9)
  14 fungi
  21 plants
37 creatures vanquished.

Grand Total: 462 creatures vanquished

Notes
Turn   | Place    | Note
-------+----------+-------------------------------------------
     0 | D:1      | Amnesiac the Demigod Earth Elementalist began the quest for the Orb.
     0 | D:1      | Reached XP level 1. HP: 14/14 MP: 5/5
   137 | D:1      | Reached skill level 3 in Earth Magic
   226 | D:1      | Reached XP level 2. HP: 20/20 MP: 5/7
   268 | D:1      | Learned a level 2 spell: Passwall
   411 | D:2      | Noticed Natasha
   414 | D:2      | Killed Natasha
   414 | D:2      | Reached XP level 3. HP: 21/26 MP: 5/9
   422 | D:2      | Noticed Ijyb
   942 | D:3      | Noticed Jessica
   947 | D:3      | Killed Jessica
   947 | D:3      | Reached skill level 4 in Earth Magic
   978 | D:3      | Reached XP level 4. HP: 26/33 MP: 6/10
   980 | D:3      | Noticed Terence
   994 | D:3      | Learned a level 4 spell: Petrify
   997 | D:3      | Killed Terence
  1082 | D:2      | Noticed Natasha
  1086 | D:2      | Killed Natasha
  1271 | D:2      | Noticed Natasha
  1274 | D:2      | Killed Natasha
  1274 | D:2      | Reached XP level 5. HP: 38/38 MP: 9/12
  1351 | D:2      | Killed Ijyb
  1351 | D:2      | Reached skill level 5 in Earth Magic
  1476 | D:2      | Noticed Sigmund
  1577 | D:2      | Killed Sigmund
  1577 | D:2      | Reached XP level 6. HP: 29/45 MP: 8/14
  1747 | D:2      | Learned a level 5 spell: Lee's Rapid Deconstruction
  2341 | D:3      | Reached skill level 6 in Earth Magic
  2525 | D:3      | Found an opulent altar of Gozag.
  2709 | D:4      | Noticed Menkaure
  2712 | D:4      | Got a slimy dagger
  2713 | D:4      | Identified the cursed +1 dagger of Responsibility {flame, rPois Int-4 Dex+2} (You found it on level 4 of the Dungeon)
  2722 | D:4      | Killed Menkaure
  2818 | D:4      | Found a deep blue altar of Sif Muna.
  2820 | D:4      | Found a hide-covered altar of Uskayaw.
  2820 | D:4      | Found a sparkling altar of Nemelex Xobeh.
  2877 | D:4      | Reached XP level 7. HP: 48/50 MP: 0/16
  3056 | D:4      | Gained mutation: Your spells are a little easier to cast, but a little less powerful. [potion of mutation]
  3056 | D:4      | Gained mutation: You have a pair of small antennae on your head. [potion of mutation]
  3056 | D:4      | Gained mutation: You are somewhat resistant to further mutation. [potion of mutation]
  3126 | D:4      | Found a burning altar of Makhleb.
  3339 | D:4      | Reached skill level 7 in Earth Magic
  3551 | D:4      | Found a glowing silver altar of Zin.
  4215 | D:5      | Entered Level 5 of the Dungeon
  4248 | D:5      | Reached skill level 1 in Shields
  4324 | D:5      | Noticed Blork the orc
  4331 | D:5      | Killed Blork the orc
  4331 | D:5      | Reached XP level 8. HP: 57/57 MP: 11/18
  4969 | D:5      | Reached skill level 5 in Spellcasting
  5666 | D:6      | Noticed Duvessa
  5932 | D:6      | Reached skill level 8 in Earth Magic
  6145 | D:6      | Noticed Dowan
  6151 | D:6      | Killed Duvessa
  6196 | D:6      | Killed Dowan
  6196 | D:6      | Reached skill level 1 in Short Blades
  6196 | D:6      | Reached XP level 9. HP: 19/62 MP: 14/21
  6845 | D:6      | Noticed Eustachio
  6865 | D:6      | Killed Eustachio
  6911 | D:6      | Reached skill level 1 in Transmutations
  6926 | D:6      | Found a staircase to the Ecumenical Temple.
  7658 | D:7      | Identified a scroll of acquirement
  9106 | D:8      | Reached skill level 9 in Earth Magic
  9406 | D:9      | Reached XP level 10. HP: 46/69 MP: 14/23
  9845 | D:9      | Reached skill level 5 in Stealth
 10012 | D:9      | Found Worrokux's General Store.
 10346 | D:8      | Gained mutation: You have a considerably increased reservoir of magic. (+20% MP) [mutagenic meat]
 10539 | D:9      | Reached skill level 5 in Short Blades
 10820 | D:9      | Found a staircase to the Lair.
 11662 | Lair:1   | Entered Level 1 of the Lair of Beasts
 12298 | Lair:1   | Reached XP level 11. HP: 70/74 MP: 13/26
 13146 | Lair:2   | Found a staircase to the Shoals.
 13366 | Lair:2   | Noticed a seven-headed hydra
 13368 | Lair:2   | Noticed a five-headed hydra
 13872 | Lair:2   | Reached skill level 5 in Transmutations
 13992 | Lair:2   | Killed a five-headed hydra
 14313 | Lair:2   | Killed a seven-headed hydra
 14421 | Lair:2   | Reached skill level 10 in Earth Magic
 15927 | Lair:3   | Reached skill level 1 in Fighting
 16596 | Lair:4   | Found a hole to the Spider Nest.
 17279 | Lair:4   | Reached XP level 12. HP: 71/89 MP: 19/27
 17427 | Lair:4   | Reached skill level 11 in Earth Magic
 18396 | Lair:5   | Reached skill level 12 in Earth Magic
 18540 | Lair:5   | You fall through a shaft!
 18540 | Lair:6   | Entered Level 6 of the Lair of Beasts
 18552 | Lair:6   | Reached skill level 5 in Dodging
 18618 | Lair:6   | Lost mutation: You have a pair of small antennae on your head. [potion of cure mutation]
 18618 | Lair:6   | Lost mutation: Your spells are a little easier to cast, but a little less powerful. [potion of cure mutation]
 18618 | Lair:6   | Lost mutation: You are somewhat resistant to further mutation. [potion of cure mutation]
 18618 | Lair:6   | Lost mutation: You have a considerably increased reservoir of magic. (+20% MP) [potion of cure mutation]
 18789 | Lair:6   | Noticed a six-headed hydra
 18795 | Lair:6   | Found a frozen archway.
 18929 | Lair:6   | HP: 1/89 [worker ant (7)]
 18930 | Lair:6   | Mangled by a polar bear

Vault maps used:
D:1:      grunt_arrival_lava_bath
D:2:      kennysheep_generic_room_3, uniq_sigmund, uniq_natasha, uniq_iyjb
D:3:      grunt_gozag_breadcrumbs, uniq_jessica, uniq_terence
D:4:      nicolae_overflow_quartered_altars, makhleb_blood_cavern_becter,
          uniq_menkaure
D:5:      first_bread, minmay_crystal_room, uniq_blork_the_orc
D:6:      uniq_duvessa, uniq_eustachio
D:8:      nicolae_ossuary_entry_ruins
D:9:      hangedman_cross_stitches, minmay_lair_entry_grove, serial_shops, shop,
          blue_anna_alchemist
Lair:1:   infiniplex_staircase_pool
Lair:2:   elwin_shoals_entry_rocks, beast_lair_carwin_9, lemuel_fruit_tree,
          grunt_megastairs_1, lemuel_fruit_fields, serial_bayou_shore_b
Lair:4:   spider_nest_entry_webs, serial_bayou_shore_a
Lair:5:   dpeg_slime_entry_enclosed_altar, serial_bayou_shore_b
Lair:6:   hangedman_lair_tendril_chambers, portal_ice_cave_entry_imps,
          st_stairs_13

Skill      XL: |  1  2  3  4  5  6  7  8  9 10 11 12 |
---------------+-------------------------------------+-----
Spellcasting   | 2 3 4 6 |  6.0
Earth Magic    | 3 4 5 6 7 8 9 10 12 | 12.0
Shields        | 2 4 |  4.2
Short Blades   | 1 4 7 8 |  8.0
Dodging        | 4 6 |  6.0
Transmutations | 2 3 5 |  5.0
Stealth        | 4 7 9 |  9.0
Fighting       | 3 |  3.0

Action                   |  1- 3 |  4- 6 |  7- 9 | 10-12 || total
-------------------------+-------+-------+-------+-------++-------
Melee: Unarmed           |     1 |       |       |       ||     1
       Whip              |     3 |    35 |       |     4 ||    42
       Dagger            |       |       |   243 |   536 ||   779
       Staff             |       |       |       |     6 ||     6
       Rapier            |       |       |       |    10 ||    10
Throw: Stone             |       |       |       |     1 ||     1
 Cast: Sandblast         |    46 |    82 |   145 |    55 ||   328
       Passwall          |       |     1 |    18 |    21 ||    40
       Lee's Rapid Decon |       |     2 |    20 |    49 ||    71
       Petrify           |       |       |    53 |   150 ||   203
Evoke: Wand              |       |       |       |     6 ||     6
       Phantom mirror    |       |       |       |     1 ||     1
  Use: Scroll            |     1 |     1 |    16 |    12 ||    30
       Potion            |       |       |     7 |    11 ||    18
 Stab: Sleeping          |     1 |     1 |     7 |    41 ||    50
       Petrified         |       |       |    97 |    55 ||   152
       Petrifying        |       |       |    15 |    56 ||    71
       Distracted        |       |       |       |     1 ||     1
  Eat: Chunk             |       |     6 |    35 |    36 ||    77
       Bread ration      |       |       |       |     5 ||     5
       Meat ration       |       |       |       |     1 ||     1
       Fruit             |       |       |       |     3 ||     3
Armor: Robe              |     6 |     8 |    15 |    39 ||    68
       Skin              |       |       |       |    99 ||    99
Dodge: Dodged            |    18 |    42 |   104 |   301 ||   465
Block: Buckler           |       |       |    39 |   186 ||   225
